 Dungeon Crawl Stone Soup version 0.30.1-11-g7821555f0a (webtiles) character file.

Game seed: 16420826482094958752

18 KittyFluff the Trooper (level 2, -11/28 HPs)
             Began as a Gargoyle Berserker on Nov 8, 2023.
             Was a Follower of Trog.
             Killed by divine providence
             ... invoked by an orc priest
              (13 damage)
             ... on level 2 of the Dungeon.
             The game lasted 00:03:49 (1090 turns).

KittyFluff the Trooper (Gargoyle Berserker)         Turns: 1090, Time: 00:03:49

Health: -11/28     AC:  9    Str: 20    XL:     2   Next: 70%
Magic:  2/2        EV: 11    Int:  7    God:    Trog [*.....]
Gold:   7          SH:  0    Dex:  9    Spells: 1/1 levels left

rFire   . . .        a - +0 mace
rCold   . . .        (no shield)
rNeg    + . .        e - +0 leather armour
rPois   ∞            g - +2 helmet
rElec   +            (no cloak)
rCorr   .            (no gloves)
SInv    .            (no boots)
Will    .....        (no amulet) Stlth
                     (no ring)
HPRegen 0.24/turn    (no ring)
MPRegen 0.08/turn

%: no passive effects
@: berserking, very quick
A: sickness immunity, AC +2, negative energy resistance 1, electricity
resistance, torment resistance 1, petrification resistance
a: Renounce Religion, Berserk


You were on level 2 of the Dungeon.
You worshipped Trog.
Trog was aware of your devotion.
You visited 1 branch of the dungeon, and saw 2 of its levels.

You collected 73 gold pieces.
You spent 66 gold pieces at shops.

Inventory:

Hand Weapons
 a - a +0 mace (weapon)
Missiles
 f - 5 poisoned darts (quivered)
Armour
 e - a +0 leather armour (worn)
 g - a +2 helmet (worn)
Wands
 d - a wand of quicksilver (9)
Scrolls
 c - a scroll of enchant weapon {unknown}
 i - a scroll of fog
Potions
 b - a potion of cancellation
 h - a potion of mutation


   Skills:
 + Level 3.4 Fighting
 * Level 3.2 Maces & Flails
 * Level 2.7 Armour
 + Level 1.7 Dodging
 + Level 0.9 Stealth


You had one spell level left.
You didn't know any spells.
Your spell library was empty.

Dungeon Overview and Level Annotations

Branches:
Dungeon (2/15)

Altars:

Shops:
D:1 *


Innate Abilities, Weirdness & Mutations

You are immune to sickness and miasma.
Your stone body is resilient. (AC +2)
You are immune to poison.
You resist negative energy. (rN+)
You are resistant to electric shocks. (rElec)
You are resistant to unholy torment.
You are immune to petrification.


Message History

You hit the dart slug.
You kill the dart slug!
Trog accepts your kill. The orc hits you but does no damage.
You hit the orc.
The orc is lightly wounded.
The orc closely misses you.
You closely miss the orc.
The orc is lightly wounded.
The orc hits you but does no damage.
You barely miss the orc.
The orc is lightly wounded.
The orc closely misses you.
You hit the orc.
The orc is moderately wounded.
The orc barely misses you.
The orc priest mumbles some strange prayers to Beogh against you.
Beogh smites you!
Ouch! That really hurt!
* * * LOW HITPOINT WARNING * * *
The orc hits you but does no damage.
A red film seems to cover your vision as you go berserk!
You feel yourself moving faster!
You feel mighty! The orc hits you with a +0 club.
* * * LOW HITPOINT WARNING * * *
You bludgeon the orc!!
You kill the orc!
Trog accepts your kill.
The orc priest hits you with a +0 hand axe.
* * * LOW HITPOINT WARNING * * *
Things that are here:
a +0 club; an orc corpse You sock the orc priest!
The orc priest is heavily wounded.
The orc priest closely misses you.
You closely miss the orc priest.
The orc priest is heavily wounded.
The orc priest mumbles some strange prayers to Beogh against you.
Beogh smites you!
You die...

##### ....##########
.....<.......##########
†##.########....@oo...#
....# #.########.#
.....# #># .#...# #.#
.#..... ..# ..#..###
#.# ..#..# #.# .. ..#
#.#


You could see an orc priest and an orc.

Vanquished Creatures
  A dart slug (D:2)
  An orc (D:2)
  A ball python (D:1)
  2 endoplasms (D:1)
  A giant cockroach (D:1)
  A hobgoblin (D:1)
  A quokka (D:2)
  A frilled lizard (D:1)
  7 rats (D:1)
16 creatures vanquished.

Notes
Turn   | Place    | Note
-------+----------+-------------------------------------------
     0 | D:1      | KittyFluff the Gargoyle Berserker began the quest for the
                  | Orb.
     0 | D:1      | Reached XP level 1. HP: 14/14 MP: 1/1
   427 | D:1      | Reached XP level 2. HP: 19/19 MP: 2/2
   955 | D:1      | Found Lufot's General Store.
   963 | D:1      | Bought a scroll of identify for 22 gold pieces
   963 | D:1      | Bought a scroll of fog for 44 gold pieces
  1088 | D:2      | HP: 1/28 [orc priest/+0 hand axe (5)]
  1090 | D:2      | Killed from afar by an orc priest

Illustrated notes

Levels and vault maps discovered:
D:1:      shiori_arrival_oz, layout_basic, serial_shops,
          nicolae_shop_hallway_stairs
D:2:      layout_loops_ring, basic_altar, minmay_puff

Action                     || total
---------------------------++-------
  Melee: Mace              ||    44
 Invoke: Berserk           ||     1
    Use: Scroll            ||     2
 Armour: Leather armour    ||    24
         Animal skin       ||     2
  Dodge: Dodged            ||    22
